Map: Romanticide LE

Players

piglet

  • Race: Terran Terran
  • League: Grandmaster
  • Spawn Location: 11:00

TeebuL - Winner!

  • Race: Protoss Protoss
  • Spawn Location: 5:00

Event: DreamHack SC2 Masters 2020 Winter

VOD

Have the link to the VOD?

Description

Time

  • Played on: Oct. 17, 2020, 11:32 p.m.
  • Length: 13:56

All games in this series

Show
View Real Time Build Order
Export as new Build Order

piglet Terran 

Build Orders: Gas First Reaper Expand 

Get SALT Encoding   

  12  0:01  SCV  
  13  0:13  SCV  
  14  0:17  Supply Depot  
  14  0:25  SCV  
  15  0:29  Refinery  
  15  0:39  SCV  
  16  0:45  Barracks  
  16  0:51  SCV  
  17  1:03  SCV  
  18  1:15  SCV  
  19  1:32  Reaper, Orbital Command  
  20  1:43  Command Center  
  20  1:54  Factory  
  20  1:58  SCV  
  21  2:04  Refinery  
  21  2:07  Barracks Reactor  
  21  2:10  SCV  
  21  2:15  Supply Depot  
  22  2:22  SCV  
  23  2:36  SCV  
  24  2:38  Widow Mine  
  24  2:43  Starport, Marine  
  24  2:44  Marine  
  28  2:48  SCV  
  29  2:55  Orbital Command  
  29  3:00  SCV  
  29  3:01  Factory Tech Lab  
  30  3:06  Marine x2  
  32  3:13  SCV  
  33  3:22  SCV  
  33  3:25  SCV  
  35  3:27  Siege Tank  
  35  3:30  Viking  
  40  3:34  SCV  
  40  3:37  SCV, Supply Depot, Marine  
  43  3:45  Marine  
  43  3:47  SCV  
  43  3:48  Supply Depot  
  44  3:49  SCV  
  44  3:53  Barracks  
  45  3:57  Bunker  
  45  3:59  SCV  
  45  4:01  SCV  
  47  4:08  Factory Tech Lab  
  47  4:11  SCV  
  47  4:13  SCV, Raven  
  47  4:14  Barracks Tech Lab  
  51  4:18  Barracks  
  51  4:21  Refinery  
  51  4:23  SCV  
  52  4:25  SCV  
  52  4:28  Engineering Bay  
  53  4:33  Supply Depot  
  53  4:35  SCV  
  53  4:36  Stimpack  
  53  4:37  SCV  
  55  4:43  Marine  
  56  4:48  SCV  
  56  4:49  SCV, Refinery  
  58  4:54  Supply Depot  
  58  4:56  Combat Shield  
  58  5:00  Terran Infantry Weapons Level 1  
  58  5:03  SCV x2  
  58  5:06  Supply Depot  
  60  5:08  Marine x2  
  60  5:13  Marine x2  
  64  5:15  SCV, Starport Reactor  
  64  5:16  SCV  
  64  5:19  Supply Depot, Siege Tank  
  69  5:28  Supply Depot, Marine x2  
  67  5:31  Marauder x2  
  73  5:44  Barracks x2  
  73  5:45  Supply Depot  
  73  5:49  Marine  
  73  5:50  Marine  
  73  5:53  Marauder x2, Siege Tank  
  82  6:01  Medivac x2  
  86  6:07  Marine x2  
  86  6:08  Supply Depot  
  88  6:14  Marauder  
  88  6:15  Concussive Shells  
  88  6:16  Marauder  
  92  6:22  Supply Depot  
  92  6:25  Marine x2  
  92  6:35  Supply Depot, Marauder, Siege Tank  
  92  6:37  Marauder, Marine x2  
  101  6:41  Medivac  
  101  6:43  Medivac  
  101  6:45  Marine  
  106  6:50  Marine  
  107  6:55  Marine  
  107  6:56  Marine  
  107  6:57  Marauder  
  107  6:58  Terran Infantry Armor Level 1  
  111  7:03  Marine  
  111  7:04  Marauder  
  114  7:10  Siege Tank  
  114  7:13  Marine  
  118  7:17  Marine x2  
  118  7:18  Marauder  
  122  7:23  Marine  
  122  7:24  Supply Depot x2  
  122  7:25  Marauder  
  125  7:31  Marine  
  125  7:35  Marine x2  
  128  7:40  Marauder  
  128  7:41  Marine  
  131  7:46  Marine  
  131  7:49  Marine  
  133  7:53  Marine x2  
  128  7:59  Marine  
  128  8:00  Marine  
  128  8:04  SCV  
  128  8:05  Marine  
  121  8:07  Marine  
  122  8:15  Marine  
  112  8:21  Marine  
  112  8:24  Marine  
  112  8:25  Marine  
  101  8:27  Marine  
  95  8:36  Marine  
  95  8:39  Siege Tank  
  93  8:43  Marine  
  93  8:46  Marine  
  95  8:50  Marine  
  96  9:01  Medivac x2  
  100  9:09  Marauder, Marine  
  68  9:15  Marine  
  68  9:16  SCV  
  68  9:17  SCV, Marine  
  59  9:21  Marine x2  
  61  9:26  Siege Tank  
  61  9:29  SCV  
  64  9:36  Bunker  
  64  9:37  Supply Depot  
  64  9:38  Marauder  
  66  9:40  SCV  
  66  9:41  SCV  
  66  9:42  Marauder  
  70  9:52  SCV  
  71  9:59  Marauder, Siege Tank  
  76  10:07  Marine  
  76  10:08  Marauder  
  76  10:13  Barracks Tech Lab  
  79  10:14  Supply Depot, Marine  
  79  10:20  Marauder  
  79  10:21  Marine  
  83  10:28  Marine  
  83  10:29  Medivac x2, Marauder  
  83  10:34  Marauder  
  92  10:39  Marine  
  92  10:42  Marauder  
  95  10:48  Marine  
  96  10:50  Marauder, Siege Tank  
  96  10:55  Marauder  
  103  11:03  Marauder  
  105  11:09  Marine  
  106  11:12  Marauder  
  106  11:14  Marine  
  106  11:16  Marauder  
  106  11:17  Marine  
  112  11:25  Marauder  
  114  11:27  Marine  
  114  11:32  Marine  
  116  11:33  Marauder  
  116  11:35  Marine  
  116  11:38  Marauder  
  121  11:45  Marine  
  121  11:46  Marauder  
  124  11:50  Marine, Siege Tank  
  118  11:55  Marauder, Marine  
  118  11:57  Liberator x2  
  118  11:59  Marauder  
  129  12:02  Missile Turret, Marine  
  129  12:07  Marauder  
  132  12:15  Marine  
  130  12:16  Marauder  
  130  12:20  Marauder  
  134  12:26  Siege Tank  
  134  12:29  Marauder  
  139  12:35  Marine  
  140  12:37  Marauder, Marine  
  140  12:42  Marauder  
  145  12:44  Marine  
  145  12:50  Marauder  
  147  12:56  Liberator x2  
  140  12:59  Marauder  
  140  13:03  Marauder  
  141  13:11  Marine  
  131  13:16  Marine  
  125  13:23  Marine  
  125  13:26  Marine  
Show
View Real Time Build Order
Export as new Build Order

TeebuL Protoss - Winner!

Build Orders: 1 Gate Expand, Blink Stalkers, Zealot Archon, Colossus Rush 

Get SALT Encoding   

  12  0:00  Probe  
  13  0:12  Probe  
  14  0:20  Pylon  
  14  0:25  Probe  
  15  0:38  Probe (Chrono Boost)  
  15  0:41  Gateway  
  16  0:49  Probe (Chrono Boost), Assimilator  
  17  0:53  Probe (Chrono Boost)  
  19  1:04  Probe  
  19  1:16  Probe  
  20  1:25  Nexus  
  20  1:34  Cybernetics Core  
  20  1:36  Probe  
  21  1:46  Assimilator  
  21  1:49  Probe  
  21  1:53  Pylon  
  22  2:01  Probe (Chrono Boost)  
  23  2:11  Adept, Warp Gate  
  23  2:13  Probe (Chrono Boost)  
  26  2:22  Probe (Chrono Boost), Twilight Council  
  27  2:27  Probe (Chrono Boost)  
  28  2:39  Probe x2 (Chrono Boost)  
  28  2:41  Stalker  
  32  2:46  Probe (Chrono Boost)  
  32  2:47  Probe (Chrono Boost)  
  34  2:52  Probe (Chrono Boost), Robotics Facility  
  34  2:56  Probe  
  36  3:04  Probe  
  37  3:07  Gateway  
  37  3:08  Probe  
  38  3:14  Blink (Chrono Boost)  
  38  3:16  Probe  
  38  3:18  Pylon  
  39  3:21  Probe  
  38  3:28  Probe  
  38  3:33  Probe  
  40  3:35  Assimilator  
  40  3:37  Assimilator  
  40  3:40  Probe  
  40  3:45  Probe  
  41  3:50  Observer (Chrono Boost)  
  41  3:52  Probe  
  43  3:57  Probe  
  43  4:01  Stalker  
  43  4:02  Stalker  
  48  4:04  Probe, Observer (Chrono Boost)  
  48  4:06  Pylon  
  51  4:10  Probe  
  51  4:16  Probe  
  52  4:19  Robotics Bay  
  52  4:22  Probe  
  53  4:28  Probe  
  54  4:31  Pylon  
  54  4:34  Probe  
  54  4:37  Pylon  
  55  4:40  Probe  
  55  4:42  Nexus  
  55  4:43  Pylon, Observer (Chrono Boost)  
  57  4:46  Probe  
  58  4:53  Probe  
  58  4:58  Probe  
  60  5:04  Charge  
  60  5:05  Probe  
  60  5:06  Colossus (Chrono Boost)  
  61  5:12  Extended Thermal Lance  
  61  5:13  Gateway x2  
  66  5:19  Gateway  
  66  5:26  Gateway  
  66  5:30  Gateway  
  66  5:34  Gateway  
  66  5:36  Sentry x2  
  66  5:40  Shield Battery  
  66  5:41  Probe  
  66  5:42  Probe  
  72  5:44  Pylon  
  72  5:48  Pylon  
  72  5:54  Colossus (Chrono Boost)  
  78  5:59  Observer  
  78  6:01  Sentry, Zealot  
  83  6:11  Probe x3  
  83  6:12  Forge  
  83  6:16  Zealot x2  
  83  6:18  Zealot  
  91  6:24  Zealot x2  
  91  6:26  Probe x2 (Chrono Boost)  
  90  6:37  Probe (Chrono Boost)  
  90  6:38  Probe x2 (Chrono Boost)  
  92  6:40  Zealot x2  
  92  6:41  Zealot  
  92  6:44  Disruptor  
  101  6:50  Templar Archives  
  101  6:53  Zealot x2  
  105  6:55  Probe, Protoss Ground Weapons Level 1 (Chrono Boost)  
  105  6:56  Probe  
  107  7:03  Zealot  
  107  7:04  Zealot  
  111  7:12  Zealot x3  
  115  7:18  Zealot  
  117  7:23  Pylon  
  117  7:24  Pylon  
  117  7:34  Pylon  
  117  7:35  Pylon  
  115  7:37  Disruptor  
  115  7:43  High Templar x2  
  115  7:44  Zealot x4, High Templar x2  
  124  7:48  Archon  
  132  7:58  Archon  
  112  8:05  Zealot x2  
  112  8:06  Zealot x2  
  114  8:13  Disruptor  
  114  8:17  Zealot x4  
  81  8:27  Zealot x4  
  73  8:38  Zealot x2  
  73  8:39  Zealot x2  
  65  8:49  Disruptor, Zealot x2, High Templar x2  
  65  8:53  Archon  
  74  9:04  Zealot x3  
  65  9:11  Sentry  
  58  9:20  Observer  
  58  9:47  Nexus  
  58  9:56  Disruptor  
  61  10:04  Probe (Chrono Boost)  
  62  10:14  Probe (Chrono Boost)  
  63  10:18  Probe (Chrono Boost)  
  64  10:25  Dark Shrine  
  64  10:30  Probe  
  65  10:42  Probe  
  66  10:44  Stalker  
  68  10:54  Probe  
  69  11:02  Observer  
  71  11:12  Disruptor (Chrono Boost)  
  72  11:25  Zealot x3  
  76  11:35  Stalker x4  
  84  11:51  Dark Templar  
  86  11:57  Pylon  
  86  11:58  Pylon  
  86  11:59  Pylon  
  86  12:17  Zealot x2, Dark Templar x2  
  86  12:18  Zealot x3  
  100  12:41  Nexus  
  100  12:42  Pylon, Zealot x3, Dark Templar  
  105  12:44  Observer  
  105  12:58  Zealot x2, Dark Templar  
  107  13:06  Assimilator  
  107  13:07  Assimilator  
  104  13:14  Stalker  
  104  13:17  Zealot  
  104  13:18  Stalker  
Tags
 
Add a new tag
Caveats
  • Supply blocks, unpowered buildings, or Contaminate may cause inaccurate times.
  • Supply counts are checked every 10 seconds.